[Event "ESP-ch Seniors 2017"]
[Site "Altea"]
[Date "2017.10.10"]
[Round "4"]
[White "Elissalt Cardenas, Hector"]
[Black "Gonzalez Custodio, Rafael"]
[Result "1/2-1/2"]
[ECO "A43"]
[WhiteElo "2324"]
[BlackElo "2105"]
[Annotator "NA"]
[PlyCount "27"]
[EventDate "2017.??.??"]
[EventType "swiss"]
[EventCountry "ESP"]
[SourceTitle "playchess.com"]
[Source "ChessBase"]
[SourceQuality "1"]
[TimeControl "5400+30"]

1. d4 Nf6 2. c4 c5 3. d5 d6 4. Nc3 g6 5. e4 Bg7 6. Bd3 O-O 7. h3 e6 8. Nge2 exd5 9. cxd5 Nbd7 10. O-O Re8 11. Ng3 a6 12. a4 Rb8 13. f4 h5 14. e5 1/2-1/2

[Event "ESP-ch Seniors 2017"]
[Site "Altea"]
[Date "2017.10.10"]
[Round "4"]
[White "Celaya Tapiz, Jose Maria"]
[Black "Pastor Alonso De Prado, Alberto"]
[Result "1/2-1/2"]
[ECO "C62"]
[WhiteElo "2196"]
[BlackElo "2131"]
[Annotator "NA"]
[PlyCount "95"]
[EventDate "2017.??.??"]
[EventType "swiss"]
[EventCountry "ESP"]
[SourceTitle "playchess.com"]
[Source "ChessBase"]
[SourceQuality "1"]
[TimeControl "5400+30"]

1. e4 e5 2. Nf3 Nc6 3. Bb5 d6 4. d4 Bd7 5. Be3 {[%emt 0:01:40] C62: Ruy Lopez: Steinitz Defence} (5. d5 Nb8 6. c4 Nf6 7. Nc3 Be7 8. Bxd7+ Nbxd7 9. Be3 g6 10. h3 Nh5 11. O-O O-O 12. Rc1 Ng7 13. b4 f5 {1-0 (47) Ivanchuk,V (2758)-Ehlvest,J (2613) Jurmala 2013}) 5... Nf6 6. Nbd2 exd4 $146 ({Predecessor:} 6... Na5 7. Qe2 c6 8. Bd3 Bg4 9. b4 d5 10. bxa5 dxe4 11. Nxe4 Nxe4 12. Bxe4 f5 13. Bxf5 Bxf5 14. Nxe5 {1-0 (35) Newey,R-Situ,F USA 1993}) 7. Nxd4 Be7 8. Nxc6 bxc6 9. Bd3 Ng4 10. Bd4 Bf6 11. c3 c5 12. Bxf6 Qxf6 13. O-O O-O 14. Be2 Ne5 15. Nc4 Rab8 16. Rb1 Rfe8 17. Nxe5 Qxe5 18. Bd3 Bc6 19. f3 Qe6 20. b3 a5 21. Bc4 Qe5 22. Qd2 a4 23. Rfd1 axb3 24. axb3 g6 25. b4 Bd7 26. Ra1 cxb4 27. cxb4 Ra8 28. Rxa8 Rxa8 29. Qd5 Qxd5 30. Bxd5 Rb8 31. Rc1 Rxb4 32. Rxc7 Be6 33. Bxe6 fxe6 34. Re7 e5 35. Rd7 Rd4 36. Kf2 Rd2+ 37. Kg3 h6 38. Kh3 Rd3 39. Kg4 Rd2 40. g3 Rxh2 41. Rxd6 Kf7 42. f4 exf4 43. Kxf4 Rh5 44. Ra6 Rc5 45. Ra7+ Kf6 46. Ra6+ Kf7 47. Ra7+ Kf6 $11 48. Ra6+ 1/2-1/2

[Event "ESP-ch Seniors 2017"]
[Site "Altea"]
[Date "2017.10.10"]
[Round "4"]
[White "Aranaz Portugues, Jose Carlos"]
[Black "Ladron De Guevara Galar, Fco J"]
[Result "1/2-1/2"]
[ECO "A45"]
[WhiteElo "2159"]
[BlackElo "2081"]
[Annotator "ChessBase"]
[PlyCount "100"]
[EventDate "2017.??.??"]
[EventType "swiss"]
[EventCountry "ESP"]
[SourceTitle "playchess.com"]
[Source "ChessBase"]
[SourceQuality "1"]
[TimeControl "5400+30"]

1. d4 Nf6 2. Bg5 d5 3. Bxf6 exf6 4. e3 f5 5. g3 Nd7 6. Bg2 Nf6 7. Ne2 c6 8. Nd2 Be6 9. c3 Bd6 10. O-O O-O 11. Qc2 Ne4 12. b3 g6 13. Nf3 Rc8 14. Qb2 Re8 15. a4 Bf8 16. b4 Nd6 17. Nd2 Bg7 18. Nf4 a6 19. Nd3 h5 20. h4 Bf6 21. Nf4 Kg7 22. Bf3 Rh8 23. Kg2 Ne4 24. Rh1 Qd6 25. a5 Qd7 26. Nb3 Qe7 27. Nc5 Rb8 28. Qc2 Bc8 29. Qd3 Nd6 30. Rac1 Be6 31. Qd1 Ne4 32. c4 Nxc5 33. bxc5 dxc4 34. Nxe6+ fxe6 35. Rxc4 Rhd8 36. Qb3 e5 37. dxe5 Bxe5 38. Rb1 Bc7 39. Qb4 Qe5 40. Rc2 Rd3 41. Rcb2 Rxe3 42. Qf4 Qxf4 43. gxf4 Re7 44. Rxb7 Rxb7 45. Rxb7 Bd8 46. Bxc6 Rxb7 47. Bxb7 Bxh4 48. Bxa6 Bd8 49. Bb5 Bxa5 50. Be8 Bd8 1/2-1/2

[Event "ESP-ch Seniors 2017"]
[Site "Altea"]
[Date "2017.10.10"]
[Round "4"]
[White "Riquelme Valero, Manuel Damian"]
[Black "Garcia Fernandez, Carlos"]
[Result "1/2-1/2"]
[ECO "A43"]
[WhiteElo "2147"]
[BlackElo "2264"]
[Annotator "RC"]
[PlyCount "76"]
[EventDate "2017.??.??"]
[EventType "swiss"]
[EventCountry "ESP"]
[SourceTitle "playchess.com"]
[Source "ChessBase"]
[SourceQuality "1"]
[TimeControl "5400+30"]

1. d4 c5 2. d5 f5 3. e4 fxe4 4. Nc3 Nf6 5. Nh3 g6 6. Bc4 Bg7 7. Ng5 O-O 8. O-O h6 9. Ngxe4 Nxe4 10. Nxe4 d6 11. c3 Na6 12. Be3 b6 13. Ng3 Nc7 14. Bd3 Qe8 15. c4 b5 16. Qd2 bxc4 17. Bxc4 Kh7 18. Rad1 Rb8 19. b3 Ba6 20. Qe2 Bxc4 21. bxc4 Qa4 22. h4 Rb2 23. Qg4 h5 24. Qe4 Qd7 25. Bg5 Bf6 26. Bxf6 exf6 27. Rb1 f5 28. Qd3 Rfb8 29. Rxb2 Rxb2 30. Re1 Rb8 31. Qc3 Re8 32. Nf1 Re7 33. Rb1 Ne8 34. Rb8 Ng7 35. Qa5 Re8 36. Rxe8 Nxe8 37. Nh2 Nf6 38. Nf3 Ne4 1/2-1/2

[Event "ESP-ch Seniors 2017"]
[Site "Altea"]
[Date "2017.10.10"]
[Round "4"]
[White "Serra Olives, Tomas"]
[Black "Vinal Gutierrez, Pedro"]
[Result "0-1"]
[ECO "C11"]
[WhiteElo "2146"]
[BlackElo "2041"]
[Annotator "ChessBase"]
[PlyCount "110"]
[EventDate "2017.??.??"]
[EventType "swiss"]
[EventCountry "ESP"]
[SourceTitle "playchess.com"]
[Source "ChessBase"]
[SourceQuality "1"]
[TimeControl "5400+30"]

1. e4 e6 2. d4 d5 3. Nc3 Nf6 4. e5 Nfd7 5. f4 c5 6. Nf3 Nc6 7. Be3 Qb6 8. Na4 Qc7 9. c3 c4 10. b4 g6 11. Be2 Ne7 12. O-O Nf5 13. Bf2 Nb6 14. Nc5 Bd7 15. a4 a5 16. b5 Nc8 17. g4 Ng7 18. Qc2 b6 19. Na6 Qb7 20. Bh4 Na7 21. Rab1 Nc8 22. Bf6 Ne7 23. Nd2 h5 24. gxh5 gxh5 25. Rbe1 Nef5 26. Bf3 Rh6 27. Kf2 Be7 28. Bxe7 Kxe7 29. Qa2 Qc8 30. Rg1 Rg6 31. Qa3+ Ke8 32. Rxg6 fxg6 33. Rg1 Kf7 34. Nf1 Qd8 35. Rg5 Rc8 36. Ne3 Be8 37. Qc1 Nxe3 38. Kxe3 Qe7 39. Kf2 Kg8 40. f5 exf5 41. Bxd5+ Kh7 42. h4 Qd7 43. Bc6 Rxc6 44. bxc6 Qxc6 45. Qa3 Qe4 46. Nc7 Qxh4+ 47. Ke2 Qxg5 48. Nxe8 Qg4+ 49. Ke1 Qg3+ 50. Kf1 Qf4+ 51. Kg1 Qe3+ 52. Kg2 Nxe8 53. Qf8 Ng7 54. Qd6 f4 55. Qf6 Qe2+ 0-1

[Event "ESP-ch Seniors 2017"]
[Site "Altea"]
[Date "2017.10.10"]
[Round "4"]
[White "Dominguez Rueda, Juan"]
[Black "Suba, Mihai"]
[Result "1/2-1/2"]
[ECO "B03"]
[WhiteElo "2135"]
[BlackElo "2315"]
[Annotator "ChessBase"]
[PlyCount "45"]
[EventDate "2017.??.??"]
[EventType "swiss"]
[EventCountry "ESP"]
[SourceTitle "playchess.com"]
[Source "ChessBase"]
[SourceQuality "1"]
[TimeControl "5400+30"]

1. e4 Nf6 2. e5 Nd5 3. c4 Nb6 4. d4 d6 5. exd6 exd6 6. Nf3 Be7 7. Be3 Bg4 8. Be2 O-O 9. Nbd2 Re8 10. O-O Bf6 11. Re1 Nc6 12. Rc1 a5 13. h3 Bxf3 14. Nxf3 Qd7 15. Qd2 Ne7 16. Bg5 Bxg5 17. Qxg5 h6 18. Qd2 Qf5 19. Bd3 Qf6 20. Re4 Nc6 21. Rf4 Qd8 22. Rg4 Qf6 23. Rf4 1/2-1/2

[Event "ESP-ch Seniors 2017"]
[Site "Altea"]
[Date "2017.10.10"]
[Round "4"]
[White "Bautista Sanchez, Joan"]
[Black "Lopez Colon, Francisco"]
[Result "1-0"]
[ECO "A37"]
[WhiteElo "2123"]
[BlackElo "1938"]
[Annotator "NA"]
[PlyCount "68"]
[EventDate "2017.??.??"]
[EventType "swiss"]
[EventCountry "ESP"]
[SourceTitle "playchess.com"]
[Source "ChessBase"]
[SourceQuality "1"]
[TimeControl "5400+30"]

1. Nf3 c5 2. c4 Nc6 3. Nc3 g6 4. g3 Bg7 5. Bg2 e5 6. d3 d6 7. Nd5 {[%emt 0:02:35] A37: Symmetrical English vs ...g6: 4 Bg2 Bg7 5 Nf3} (7. Nd2 Nge7 8. Nf1 Rb8 9. Ne3 a6 10. Ned5 Nxd5 11. Nxd5 {½-½ (11) Hera,I (2619)-Lenic,L (2640) Hungary 2017}) 7... h6 8. O-O Nge7 9. Nd2 O-O 10. a3 Nxd5 11. cxd5 Ne7 12. Rb1 a5 $146 ({Predecessor:} 12... f5) 13. a4 Rb8 14. Nc4 b5 15. axb5 Rxb5 16. Bd2 Qc7 17. Qa4 Bd7 18. Bxa5 Qa7 19. Ra1 Rxb2 $2 {[%emt 0:07:13] [#]} (19... Ra8 $16 {might work better.} 20. e4 Nc8) 20. Qd1 $1 Qb8 21. Nxb2 Qxb2 22. Rb1 Qa2 23. Qd2 Qxd2 24. Bxd2 Bg4 25. Rfe1 Ra8 26. h3 Ra2 27. Bxh6 (27. hxg4 $142 Rxd2 28. Rb8+ Kh7 29. Rd8) 27... Bxe2 28. Bxg7 Kxg7 29. Rb7 Nf5 30. Bf1 Bf3 31. Bg2 Nd4 32. Rb6 Ne2+ 33. Kh2 Bxg2 34. Kxg2 Nd4 $18 1-0

[Event "ESP-ch Seniors 2017"]
[Site "Altea"]
[Date "2017.10.10"]
[Round "4"]
[White "Lloret Ramis, Juan Jose"]
[Black "Sabater Sanchez, Asensio"]
[Result "1/2-1/2"]
[ECO "A13"]
[WhiteElo "2120"]
[BlackElo "2149"]
[Annotator "ChessBase"]
[PlyCount "31"]
[EventDate "2017.??.??"]
[EventType "swiss"]
[EventCountry "ESP"]
[SourceTitle "playchess.com"]
[Source "ChessBase"]
[SourceQuality "1"]
[TimeControl "5400+30"]

1. c4 e6 2. Nc3 d5 3. d4 Bb4 4. Qa4+ Nc6 5. e3 Nf6 6. Bd2 O-O 7. Nf3 a6 8. Qc2 Re8 9. a3 Bd6 10. h3 dxc4 11. Bxc4 b5 12. Bd3 Bb7 13. Ne4 h6 14. Nxf6+ Qxf6 15. Be4 Nd8 16. Bxb7 1/2-1/2

[Event "ESP-ch Seniors 2017"]
[Site "Altea"]
[Date "2017.10.10"]
[Round "4"]
[White "Carbonell Bofill, Carlos Eloy"]
[Black "Roche Simon, Manuel Angel"]
[Result "0-1"]
[ECO "D02"]
[WhiteElo "2050"]
[BlackElo "2216"]
[Annotator "ChessBase"]
[PlyCount "106"]
[EventDate "2017.??.??"]
[EventType "swiss"]
[EventCountry "ESP"]
[SourceTitle "playchess.com"]
[Source "ChessBase"]
[SourceQuality "1"]
[TimeControl "5400+30"]

1. d4 d5 2. Nf3 c5 3. e3 Nf6 4. a3 e6 5. b3 Nc6 6. Bd3 Bd6 7. Bb2 O-O 8. O-O b6 9. Ne5 Bb7 10. Nd2 cxd4 11. exd4 Qe7 12. Re1 Nd7 13. Re3 f5 14. Nxc6 Bxc6 15. Qe2 Rae8 16. Re1 Rf6 17. Bxf5 Rxf5 18. Rxe6 Qxe6 19. Qxe6+ Rxe6 20. Rxe6 Rf6 21. Re8+ Nf8 22. Rd8 Bc7 23. Rc8 Rf7 24. a4 Bb7 25. Re8 Bd6 26. g3 Re7 27. Rxe7 Bxe7 28. f4 Kf7 29. Kf2 Ke6 30. g4 g6 31. Ke3 Nd7 32. h3 Ba6 33. c4 Bb4 34. cxd5+ Kxd5 35. Ne4 Be7 36. g5 Bb4 37. h4 Ke6 38. Bc3 Bxc3 39. Nxc3 Bb7 40. b4 a6 41. Ne4 Bc6 42. a5 bxa5 43. bxa5 Bxe4 44. Kxe4 Nb8 45. d5+ Kd6 46. f5 Nd7 47. fxg6 hxg6 48. Kd4 Ne5 49. Ke4 Nc4 50. h5 gxh5 51. g6 Ke7 52. Kf5 h4 53. Kg4 Kf6 0-1

[Event "ESP-ch Seniors 2017"]
[Site "Altea"]
[Date "2017.10.10"]
[Round "4"]
[White "Fernandez Vicente, Carmelo"]
[Black "Anguera Maestro, Jaime"]
[Result "1/2-1/2"]
[ECO "A36"]
[WhiteElo "2044"]
[BlackElo "2029"]
[Annotator "NA"]
[PlyCount "30"]
[EventDate "2017.??.??"]
[EventType "swiss"]
[EventCountry "ESP"]
[SourceTitle "playchess.com"]
[Source "ChessBase"]
[SourceQuality "1"]
[TimeControl "5400+30"]

1. c4 c5 2. Nc3 Nc6 3. g3 g6 4. Bg2 Bg7 5. e3 d6 6. Nge2 e5 7. b3 Bf5 8. e4 Bg4 9. f3 Be6 10. d3 Nge7 11. Bg5 h6 12. Be3 O-O 13. Qd2 Kh7 14. O-O Nd4 15. Rab1 Nec6 1/2-1/2

[Event "ESP-ch Seniors 2017"]
[Site "Altea"]
[Date "2017.10.10"]
[Round "4"]
[White "Garcia Galeote, Lorenzo"]
[Black "Fernandez Hernandez, Gerardo"]
[Result "0-1"]
[ECO "A03"]
[WhiteElo "1998"]
[BlackElo "2178"]
[Annotator "NA"]
[PlyCount "36"]
[EventDate "2017.??.??"]
[EventType "swiss"]
[EventCountry "ESP"]
[SourceTitle "playchess.com"]
[Source "ChessBase"]
[SourceQuality "1"]
[TimeControl "5400+30"]

1. f4 d5 2. Nf3 Nf6 3. e3 Bg4 4. Be2 Nbd7 5. b3 e6 6. Bb2 Bd6 7. Ne5 Bxe2 8. Qxe2 O-O 9. O-O Ne8 10. c4 c6 11. d3 f6 12. Qg4 fxe5 13. Qxe6+ Kh8 14. cxd5 Nc5 15. Qg4 Nxd3 16. Ba3 Qb6 17. Rf3 Rxf4 18. Bxd6 Nxd6 $19 ({Weaker is} 18... Rxg4 19. Rf8#) 0-1

[Event "ESP-ch Seniors 2017"]
[Site "Altea"]
[Date "2017.10.10"]
[Round "4"]
[White "Sanz Bastos, Fernando"]
[Black "Simon Padros, Emili"]
[Result "0-1"]
[ECO "A02"]
[WhiteElo "1981"]
[BlackElo "2153"]
[Annotator "ChessBase"]
[PlyCount "54"]
[EventDate "2017.??.??"]
[EventType "swiss"]
[EventCountry "ESP"]
[SourceTitle "playchess.com"]
[Source "ChessBase"]
[SourceQuality "1"]
[TimeControl "5400+30"]

1. f4 c5 2. e4 Nc6 3. Nc3 d6 4. Bb5 Bd7 5. Nf3 e6 6. O-O Nf6 7. d3 Be7 8. a3 O-O 9. Bxc6 Bxc6 10. Qe1 b5 11. Qg3 Kh8 12. e5 Nd7 13. exd6 Bxd6 14. Ne4 Be7 15. Be3 Bd5 16. Qh3 c4 17. Neg5 h6 18. dxc4 bxc4 19. Rad1 Kg8 20. Nxf7 Rxf7 21. Ne5 Nxe5 22. fxe5 Rxf1+ 23. Rxf1 Bg5 24. Bc5 Qa5 25. Bd6 Qd2 26. Qg4 h5 27. Qg3 Qe3+ 0-1

[Event "ESP-ch Seniors 2017"]
[Site "Altea"]
[Date "2017.10.10"]
[Round "4"]
[White "Vallbona Domingo, Joan"]
[Black "Fernandez Perez, Josep"]
[Result "1/2-1/2"]
[ECO "A21"]
[WhiteElo "1889"]
[BlackElo "2045"]
[Annotator "NA"]
[PlyCount "33"]
[EventDate "2017.??.??"]
[EventType "swiss"]
[EventCountry "ESP"]
[SourceTitle "playchess.com"]
[Source "ChessBase"]
[SourceQuality "1"]
[TimeControl "5400+30"]

1. c4 e5 2. Nc3 d6 3. Nf3 f5 4. d4 e4 5. Ng5 Be7 6. h4 c6 7. g3 Nf6 8. d5 h6 9. Nh3 Nbd7 10. Bg2 Ne5 11. b3 O-O 12. O-O Nh5 13. dxc6 bxc6 {[%emt 0:00:51] [#]} 14. Nd5 $1 Be6 15. Nxe7+ Qxe7 16. Nf4 Nxf4 17. Bxf4 $11 1/2-1/2

[Event "ESP-ch Seniors 2017"]
[Site "Altea"]
[Date "2017.10.11"]
[Round "5"]
[White "Simon Padros, Emili"]
[Black "Martinez De Soria Gordon, Jose Manuel"]
[Result "1-0"]
[ECO "B43"]
[WhiteElo "2153"]
[BlackElo "1862"]
[Annotator "ChessBase"]
[PlyCount "75"]
[EventDate "2017.??.??"]
[EventType "swiss"]
[EventCountry "ESP"]
[SourceTitle "playchess.com"]
[Source "ChessBase"]
[SourceQuality "1"]
[TimeControl "5400+30"]

1. e4 c5 2. Nc3 e6 3. Nf3 a6 4. d4 cxd4 5. Nxd4 Qc7 6. g3 Bb4 7. Nde2 Ne7 8. Bg2 d6 9. O-O Bd7 10. Qd4 Bxc3 11. Nxc3 e5 12. Qd3 Nbc6 13. Be3 Rd8 14. a3 O-O 15. b4 b5 16. Rac1 Be6 17. Nd5 Qb7 18. Rfd1 Bxd5 19. exd5 Nb8 20. c4 bxc4 21. Rxc4 Rc8 22. Rxc8 Rxc8 23. Bh3 Rf8 24. Bg5 h6 25. Bxe7 Qxe7 26. Rc1 Qg5 27. Qe3 Qh5 28. Bf1 f5 29. Rc7 f4 30. Qa7 Qg5 31. Rb7 fxg3 32. hxg3 Rf3 33. Rxb8+ Kh7 34. Bg2 Qc1+ 35. Kh2 e4 36. Bxf3 exf3 37. Qe3 Qd1 38. Qe4+ 1-0

[Event "ESP-ch Seniors 2017"]
[Site "Altea"]
[Date "2017.10.11"]
[Round "5"]
[White "Acebal Muniz, Antonio"]
[Black "Riquelme Valero, Manuel Damian"]
[Result "1/2-1/2"]
[ECO "A88"]
[WhiteElo "2091"]
[BlackElo "2147"]
[Annotator "NA"]
[PlyCount "21"]
[EventDate "2017.??.??"]
[EventType "swiss"]
[EventCountry "ESP"]
[SourceTitle "playchess.com"]
[Source "ChessBase"]
[SourceQuality "1"]
[TimeControl "5400+30"]

1. Nf3 f5 2. d4 Nf6 3. c4 g6 4. g3 Bg7 5. Bg2 O-O 6. O-O d6 7. Nc3 c6 8. d5 e5 9. dxe6 Bxe6 10. Qd3 Na6 11. Ng5 1/2-1/2

[Event "ESP-ch Seniors 2017"]
[Site "Altea"]
[Date "2017.10.11"]
[Round "5"]
[White "Ladron De Guevara Galar, Fco J"]
[Black "Lloret Ramis, Juan Jose"]
[Result "0-1"]
[ECO "E06"]
[WhiteElo "2081"]
[BlackElo "2120"]
[Annotator "ChessBase"]
[PlyCount "94"]
[EventDate "2017.??.??"]
[EventType "swiss"]
[EventCountry "ESP"]
[SourceTitle "playchess.com"]
[Source "ChessBase"]
[SourceQuality "1"]
[TimeControl "5400+30"]

1. d4 d5 2. c4 e6 3. Nf3 Nf6 4. g3 Be7 5. Bg2 O-O 6. O-O dxc4 7. Qc2 a6 8. a4 Bd7 9. Bg5 Bc6 10. Qxc4 Bd5 11. Qc2 Be4 12. Qc1 Nbd7 13. Nc3 Bc6 14. Qc2 Nd5 15. Bd2 Nb4 16. Qb3 a5 17. e4 Nf6 18. Rfe1 h6 19. Rad1 b6 20. Bf4 Bb7 21. Ne5 Bd6 22. Bh3 Re8 23. Bc1 Bxe5 24. dxe5 Nd7 25. Be3 Qe7 26. f4 Nc5 27. Qc4 Ncd3 28. Rxd3 Ba6 29. Nb5 Nxd3 30. Qxd3 c6 31. Bxb6 cxb5 32. axb5 Qb4 33. Qe3 Bxb5 34. Bc5 Qxb2 35. f5 Qxe5 36. Bd4 Qc7 37. e5 exf5 38. Bxf5 Bd7 39. Rc1 Qxc1+ 40. Qxc1 Bxf5 41. Qf4 Be6 42. Bc5 a4 43. Ba3 Rec8 44. Qb4 Rc4 45. Qd6 Rac8 46. Kf1 Re4 47. Qd3 Bc4 0-1

[Event "ESP-ch Seniors 2017"]
[Site "Altea"]
[Date "2017.10.11"]
[Round "5"]
[White "Clari Mascarell, Jose Javier"]
[Black "Nunez Munoz, Jesus"]
[Result "1/2-1/2"]
[ECO "A46"]
[WhiteElo "2047"]
[BlackElo "2199"]
[Annotator "ChessBase"]
[PlyCount "172"]
[EventDate "2017.??.??"]
[EventType "swiss"]
[EventCountry "ESP"]
[SourceTitle "playchess.com"]
[Source "ChessBase"]
[SourceQuality "1"]
[TimeControl "5400+30"]

1. d4 Nf6 2. Nf3 e6 3. Bg5 c5 4. e3 cxd4 5. exd4 b6 6. Bd3 Bb7 7. O-O Be7 8. Qe2 O-O 9. Nbd2 d6 10. c3 Nbd7 11. Bh4 Re8 12. Rfe1 Qc7 13. Ne4 Nxe4 14. Bxe4 Bxh4 15. Nxh4 Bxe4 16. Qxe4 Nf6 17. Qd3 Qb7 18. Nf3 Rac8 19. h3 b5 20. a3 h6 21. Nd2 a5 22. Rac1 Rc7 23. Ne4 Nxe4 24. Rxe4 Qd5 25. Re2 Rec8 26. Rec2 g6 27. Kh2 Kg7 28. f4 h5 29. Kg3 e5 30. fxe5 dxe5 31. Rd2 e4 32. Qe3 b4 33. axb4 axb4 34. Rdc2 f5 35. Qf4 Kh7 36. Kh2 Kg7 37. Ra1 Re7 38. Ra6 Qb5 39. Qg5 Qxa6 40. Qxe7+ Kh6 41. Qxb4 Qd3 42. Rc1 Re8 43. Qd6 Qd2 44. Rf1 Qg5 45. Qf4 e3 46. Qxg5+ Kxg5 47. Kg3 Rb8 48. h4+ Kf6 49. Rb1 g5 50. hxg5+ Kxg5 51. Kf3 f4 52. b4 Rc8 53. Rc1 Kf5 54. Rh1 Kg5 55. Rc1 Kf5 56. Ra1 Rxc3 57. Ra5+ Ke6 58. Kxf4 e2 59. Re5+ Kd6 60. Rxe2 Rc4 61. Ke4 Rxb4 62. Ra2 Rb3 63. Ra6+ Kd7 64. Rg6 h4 65. Ke5 h3 66. Rg7+ Kc8 67. gxh3 Rxh3 68. d5 Rh6 69. Kd4 Kd8 70. Kc5 Kc8 71. Rg4 Kd7 72. Ra4 Rg6 73. Rb4 Kc7 74. Re4 Kd7 75. Ra4 Rh6 76. Ra7+ Kd8 77. Ra8+ Kd7 78. Rg8 Kc7 79. Rg7+ Kd8 80. Rb7 Kc8 81. Re7 Kd8 82. Rg7 Kc8 83. Ra7 Kd8 84. d6 Rh1 85. Ra8+ Kd7 86. Ra7+ Kd8 1/2-1/2

[Event "ESP-ch Seniors 2017"]
[Site "Altea"]
[Date "2017.10.11"]
[Round "5"]
[White "Anguera Maestro, Jaime"]
[Black "Celaya Tapiz, Jose Maria"]
[Result "1/2-1/2"]
[ECO "E90"]
[WhiteElo "2029"]
[BlackElo "2196"]
[Annotator "NA"]
[PlyCount "47"]
[EventDate "2017.??.??"]
[EventType "swiss"]
[EventCountry "ESP"]
[SourceTitle "playchess.com"]
[Source "ChessBase"]
[SourceQuality "1"]
[TimeControl "5400+30"]

1. d4 Nf6 2. c4 d6 3. Nc3 g6 4. e4 Bg7 5. Nf3 O-O 6. h3 Nc6 7. Be3 e5 8. d5 Ne7 9. Qd2 Nd7 10. Bd3 f5 11. Bh6 Nc5 12. Bxg7 Nxd3+ 13. Qxd3 Kxg7 14. Nd2 fxe4 15. Ndxe4 Nf5 16. O-O-O Nd4 17. Ne2 Nxe2+ 18. Qxe2 Bf5 19. f3 Bxe4 20. fxe4 b6 21. Rhf1 a5 22. Rxf8 Qxf8 23. Rf1 Qe7 24. Qf3 1/2-1/2

[Event "ESP-ch Seniors 2017"]
[Site "Altea"]
[Date "2017.10.11"]
[Round "5"]
[White "Sarto Ramos, Angel"]
[Black "Fernandez Vicente, Carmelo"]
[Result "1/2-1/2"]
[ECO "A48"]
[WhiteElo "1909"]
[BlackElo "2044"]
[Annotator "NA RC"]
[PlyCount "104"]
[EventDate "2017.??.??"]
[EventType "swiss"]
[EventCountry "ESP"]
[SourceTitle "playchess.com"]
[Source "ChessBase"]
[SourceQuality "1"]
[TimeControl "5400+30"]

1. d4 Nf6 2. Nf3 g6 3. Nc3 Bg7 4. Bf4 d6 5. Qd2 O-O 6. Bh6 Nbd7 7. O-O-O {[%emt 0:01:43] A48: 1 d4 Nf6 2 Nf3 g6: Torre, London and Colle Systems} c5 8. Bxg7 Kxg7 9. h4 (9. e4 cxd4 10. Nxd4 a6 11. h4 Nc5 12. h5 Ng8 13. hxg6 hxg6 14. f3 e5 15. Nb3 Nxb3+ 16. axb3 Be6 17. f4 exf4 18. Qxf4 {½-½ (25) Mednikov,G (2118)-Fradkin,B (2387) Sochi 2016}) 9... h5 10. e4 a6 $146 ({Predecessor:} 10... Qa5 11. Kb1 a6 {1-0 (36) Ruiz,R (2148)-Bonagura,S (2018) Lodi 2005}) 11. e5 dxe5 12. dxe5 Nh7 13. e6 fxe6 14. Ne5 Qc7 15. Nxd7 Rd8 16. Qe3 Bxd7 17. Bc4 Rf8 18. Ne4 Rf5 19. Ng3 Rf6 20. Rhe1 Raf8 21. Ne4 Rf5 22. f3 b5 $1 23. Be2 Bc8 24. g4 hxg4 25. fxg4 Qf4 26. Qxf4 Rxf4 27. Nxc5 Nf6 28. Nd3 Re4 29. Bf3 Rxe1 30. Rxe1 ({Ein No Go ist} 30. Nxe1 e5 $11) 30... Rh8 31. Rh1 Nd5 32. Kd2 Rf8 $1 $11 {[%emt 0:00:48] keeps the balance.} 33. Be4 (33. Ne5 Rf4) 33... Nf6 34. Bf3 $1 Nd7 35. Be2 (35. Bc6 $16) 35... Bb7 36. Rh2 e5 37. Rf2 Rf6 38. g5 Rd6 39. Ke3 Nb6 (39... e4 $11 40. Nc1 Bd5) 40. Nxe5 Nd5+ (40... Re6 $16 {was worth a try.}) 41. Kd2 Nf4+ 42. Bd3 Nxd3 43. cxd3 Bd5 44. b3 a5 (44... Rd8 {keeps fighting.} 45. Rf1 Be6) 45. Rh2 (45. Ke3 $18) 45... a4 46. bxa4 ({White should play} 46. Kc3 $16) 46... bxa4 47. Ke3 a3 48. h5 $2 (48. Nc4 $16 Ra6 49. Kd4) 48... gxh5 49. Nc4 Bxc4 50. dxc4 Rb6 51. Kd3 Kg6 52. c5 $11 Rc6 1/2-1/2

[Event "ESP-ch Seniors 2017"]
[Site "Altea"]
[Date "2017.10.13"]
[Round "7"]
[White "Suba, Mihai"]
[Black "Fernandez Vicente, Carmelo"]
[Result "1-0"]
[ECO "A33"]
[WhiteElo "2315"]
[BlackElo "2044"]
[Annotator "NA"]
[PlyCount "45"]
[EventDate "2017.??.??"]
[EventType "swiss"]
[EventCountry "ESP"]
[SourceTitle "playchess.com"]
[Source "ChessBase"]
[SourceQuality "1"]
[TimeControl "5400+30"]

1. c4 c5 2. Nf3 Nc6 3. d4 cxd4 4. Nxd4 Nf6 5. Nc3 e6 6. a3 Be7 7. e4 O-O 8. Be2 Qb6 {[%emt 0:03:19] A33: Symmetrical English: 2 Nf3 Nf6 3 d4 cxd4 4 Nxd4 e6 5 Nc3 Nc6} (8... d5 9. exd5 exd5 10. O-O Nxd4 11. Qxd4 dxc4 12. Qxd8 Rxd8 13. Bxc4 Bf5 14. Re1 Kf8 15. h3 Rac8 16. Ba2 Bc5 17. Bb1 Bxb1 18. Rxb1 {0-1 (48) Edouard,R (2626)-Vachier Lagrave,M (2803) chess.com INT 2017}) 9. Nc2 a6 $146 ({Predecessor:} 9... Qc7 10. O-O b6 11. b3 Bb7 12. Ne3 Bd6 13. Qd3 Bxh2+ 14. Kh1 Be5 15. Ned1 Nd4 16. f4 Nxe2 17. Qxe2 Nxe4 {0-1 (17) Michna,M (2327)-Peptan,C (2427) Ostrava 1999}) 10. O-O d6 11. Kh1 Qc7 12. f4 Na5 13. Ne3 b6 14. b4 Nc6 15. Bb2 Bb7 16. Rc1 a5 17. Ncd5 exd5 $2 (17... Qd8 $16) 18. cxd5 Qd7 19. Bb5 Rfc8 20. Nf5 Bd8 21. dxc6 Bxc6 22. Rxc6 Rxc6 23. Nd4 $18 1-0

[Event "ESP-ch Seniors 2017"]
[Site "Altea"]
[Date "2017.10.13"]
[Round "7"]
[White "Garcia Fernandez, Carlos"]
[Black "Pastor Pons, Pedro Maria"]
[Result "1/2-1/2"]
[ECO "C54"]
[WhiteElo "2264"]
[BlackElo "2077"]
[Annotator "NA"]
[PlyCount "39"]
[EventDate "2017.??.??"]
[EventType "swiss"]
[EventCountry "ESP"]
[SourceTitle "playchess.com"]
[Source "ChessBase"]
[SourceQuality "1"]
[TimeControl "5400+30"]

1. e4 e5 2. Nf3 Nc6 3. Bc4 Bc5 4. c3 Nf6 5. d4 exd4 6. cxd4 Bb4+ 7. Bd2 Bxd2+ 8. Nbxd2 d5 9. exd5 Nxd5 10. Qb3 Nce7 11. O-O O-O 12. Rfe1 c6 13. a4 Rb8 14. Ne4 {[%emt 0:09:38] C54: Giuoco Piano: 4 c3 Nf6, main lines with 5 d4 and 5 d3} h6 15. Qa3 $146 ({Predecessor:} 15. Ne5 Bf5 16. Nc5 Qc7 17. Rac1 Rfd8 18. Qf3 Bg6 19. Nxg6 Nxg6 20. Bxd5 Rxd5 21. Na6 Qd8 22. Nxb8 Qxb8 {1-0 (50) Michiels,R (2262)-Petkov,V (2484) Belgium 2009}) 15... a5 16. Bxd5 Nxd5 17. h3 Bf5 18. Ng3 Bh7 19. Rad1 Re8 20. Rxe8+ $15 1/2-1/2